 Dungeon Crawl Stone Soup version 0.24-a0-458-gfcb5e6da0e (webtiles) character file.

Game seed: 17257987109492177531

130 Mrkan the Chucker (level 4, -2/41 HPs)
             Began as a Troll Hunter on June 26, 2019.
             Slain by a gnoll
             ... wielding a +0 flail
              (10 damage)
             ... on level 3 of the Dungeon.
             The game lasted 00:03:58 (1708 turns).

Mrkan the Chucker (Troll Hunter)                    Turns: 1708, Time: 00:03:58

Health: -2/41      AC:  6    Str: 20    XL:     4   Next: 90%
Magic:  3/3        EV: 10    Int:  8    God:
Gold:   127        SH:  0    Dex: 10    Spells: 3/3 levels left

rFire    . . .     SeeInvis .   (no weapon)
rCold    . . .     Gourm    +   (no shield)
rNeg     . . .     Faith    .   b - +0 robe
rPois    .         Spirit   .   (helmet restricted)
rElec    .         Reflect  .   (no cloak)
rCorr    .         Harm     .   (gloves unavailable)
MR       .....                  (boots unavailable)
Stlth    +.........             (no amulet)
HPRegen  0.53/turn              (no ring)
MPRegen  0.08/turn              (no ring)

@: no status effects
A: large, unfitting armour, claws 3, fast metabolism 3, gourmand, regeneration
1, shaggy fur 1, tough skin 3
a: no special abilities


You were on level 3 of the Dungeon.
You were not hungry.

You visited 1 branch of the dungeon, and saw 3 of its levels.

You collected 127 gold pieces.

Inventory:

Missiles
 c - 5 large rocks (quivered)
 d - 2 throwing nets
 n - 21 stones
 p - 4 atropa-tipped darts
Armour
 b - a +0 robe (worn)
 g - a +2 pair of gloves
Scrolls
 a - 2 scrolls of immolation {unknown}
 e - 2 scrolls of teleportation {unknown}
 j - 2 scrolls of fog {unknown}
 k - a scroll of noise {unknown}
 m - a scroll of identify {unknown}
 q - a scroll of enchant weapon {unknown}
Potions
 h - a potion of berserk rage {unknown}
 i - 4 potions of heal wounds {unknown}
 l - a potion of flight {unknown}
 o - 3 potions of cancellation {unknown}
 r - a potion of lignification {unknown}
Comestibles
 f - 6 rations


   Skills:
 - Level 1.5 Fighting
 * Level 5.7 Throwing
 - Level 1.5 Dodging
 - Level 0.3 Stealth


You had 3 spell levels left.
You didn't know any spells.
Your spell library was empty.

Dungeon Overview and Level Annotations

Branches:
Dungeon (3/15)

Altars:
Cheibriados


Innate Abilities, Weirdness & Mutations

You are too large for most types of armour.
You have claws for hands.
Your metabolism is lightning-fast.
You like to eat raw meat.
Your natural rate of healing is unusually fast.
You are covered in fur. (AC +1)
You have extremely tough skin. (AC +3)


Message History

The gnoll shaman hits you with a +2 whip of pain!
You writhe in agony.
* * * LOW HITPOINT WARNING * * *
The giant cockroach bites you.
* * * LOW HITPOINT WARNING * * *
You closely miss the gnoll shaman.
The gnoll shaman is almost dead.
The giant cockroach bites you.
* * * LOW HITPOINT WARNING * * *
The gnoll shaman hits you but does no damage.
You writhe in agony.
* * * LOW HITPOINT WARNING * * *
The giant cockroach closely misses you.
You scratch the gnoll shaman.
You kill the gnoll shaman!
The giant cockroach misses you.
You scratch the gnoll.
The gnoll is moderately wounded.
The giant cockroach barely misses you. The gnoll hits you with a +0 flail!
You die...

##.. .... #..#
#..# .##..##
.####. #... #
.....g##s###..#
#.gg@......#
#.###.###.##.
#.###........
#.........###
#.######### #.#
#.#######.#
#.........#
#####.#####


You could see 3 gnolls and a giant cockroach.

Vanquished Creatures
  A gnoll shaman (D:3)
  An adder (D:2)
  2 gnolls
  3 oozes
  A worm (D:3)
  5 orcs
  7 bats
  2 giant cockroaches
  6 goblins
  9 hobgoblins
  7 kobolds
  4 frilled lizards
  7 rats
55 creatures vanquished.

Notes
Turn   | Place    | Note
-------+----------+-------------------------------------------
     0 | D:1      | Mrkan the Troll Hunter began the quest for the Orb.
     0 | D:1      | Reached XP level 1. HP: 19/19 MP: 0/0
   127 | D:1      | Reached skill level 4 in Throwing
   138 | D:1      | Reached XP level 2. HP: 27/27 MP: 1/1
   290 | D:1      | Reached XP level 3. HP: 33/33 MP: 2/2
   814 | D:2      | Reached skill level 5 in Throwing
   984 | D:2      | Found a snail-covered altar of Cheibriados.
   999 | D:2      | Reached XP level 4. HP: 41/41 MP: 3/3
  1708 | D:3      | Slain by a gnoll

Levels and vault maps discovered:
D:1:      eino_arrival_water_cross, layout_basic
D:2:      layout_basic, nicolae_overflow_crystal_walls
D:3:      layout_loops_corners, fedhas_altar_1, first_ration

Skill      XL: |  1  2  3 |
---------------+----------+-----
Throwing       | 4 5 |  5.7
Fighting       | |  1.5
Dodging        | |  1.5
Stealth        | |  0.3

Action                   |  1- 3 |  4- 6 || total
-------------------------+-------+-------++-------
Melee: Unarmed           |   144 |    54 ||   198
 Stab: Sleeping          |     1 |       ||     1
  Eat: Chunk             |    13 |     3 ||    16
Armor: Robe              |    86 |    15 ||   101
Dodge: Dodged            |    99 |    27 ||   126

Table legend:
 A = Non-vault XP
 B = Vault XP
 C = Vault XP percentage of total XP
 D = Non-vault monster count
 E = Vault monster count
 F = Vault count percentage of total count
                 A         B        C        D         E       F
            +---------+---------+-------+---------+---------+-------
      Total |     187 |       0 |   0.0 |      55 |       0 |   0.0
            +---------+---------+-------+---------+---------+-------
        D:1 |      64 |       0 |   0.0 |      30 |       0 |   0.0
        D:2 |      49 |       0 |   0.0 |      17 |       0 |   0.0
        D:3 |      74 |       0 |   0.0 |       8 |       0 |   0.0
            +---------+---------+-------+---------+---------+-------
